 Dungeon Crawl Stone Soup version 0.29.1-4-g47bece8355 (webtiles) character file.

Game seed: 14765804554228485249

37 hawla the Chiller (level 3, -3/26 HPs)
             Began as a Meteoran Ice Elementalist on Dec 4, 2022.
             Slain by a gnoll
             ... wielding a +0 whip
              (6 damage)
             ... on level 2 of the Dungeon.
             The game lasted 00:02:43 (270 turns).

hawla the Chiller (Meteoran Ice Elementalist)        Turns: 270, Time: 00:02:46

Health: -3/26      AC:  2    Str:  9    XL:     3   Next: 85%
Magic:  5/8        EV: 12    Int: 19    God:
Gold:   13         SH:  0    Dex: 14    Spells: 4/8 levels left

rFire   . . .      SeeInvis .   (no weapon)
rCold   . . .      Faith    .   (no shield)
rNeg    . . .      Spirit   .   a - +0 robe
rPois   .          Reflect  .   (no helmet)
rElec   .          Harm     .   (no cloak)
rCorr   .          Rampage  .   (no gloves)
Will    .....                   (no boots)
Stlth   +.........              (no amulet)
HPRegen 0.08/turn               (no ring)
MPRegen 0.11/turn               (no ring)

@: freezing walls, flying, glowing
A: sense surroundings 1, otherworldly, glowing, explore regen
a: no special abilities


You were on level 2 of the Dungeon.
You visited 1 branch of the dungeon, and saw 3 of its levels.

You collected 13 gold pieces.

Inventory:

Armour
 a - a +0 robe (worn)
Potions
 d - a potion of resistance


   Skills:
 + Level 2.8 Dodging
 - Level 1.4 Stealth
 + Level 3.2 Spellcasting
 + Level 5.2 Ice Magic


You had 4 spell levels left.
You knew the following spells:

 Your Spells              Type           Power      Damage    Failure   Level
a - Freeze                Ice            88%        1d10      1%          1
b - Frozen Ramparts       Ice            44%        1d7       5%          3

Your spell library contained the following spells:

 Spells                   Type           Power      Damage    Failure   Level
 Ozocubu's Armour         Ice            22%        N/A       5%          3
 Hailstorm                Conj/Ice       13%        3d5       45%         4


Dungeon Overview and Level Annotations

Branches:
Dungeon (3/15) Zot: 1529

Altars:


Innate Abilities, Weirdness & Mutations

You passively map a small area around you.
You are easily found by Zot.
You glow in the dark.
You regain HP and MP as you explore.


Message History

Confirm with . or Enter, or press ? or * to list all spells.
You don't know that spell.
This spell is quite dangerous to cast!
Memorise Frozen Ramparts, consuming 3 spell levels and leaving 4?
You start memorising the spell.
You continue memorising. x3
You finish memorising.
Spell assigned to 'b'.
Okay, then.
You start waiting.
Magic restored.
You start waiting.
HP restored.
You climb upwards.
The gnoll hits you with a +0 whip. The gnoll closely misses you.
There is a stone staircase leading down here.
Casting: Freeze (safe; 1% risk of failure)
Confirm with . or Enter, or press ? or * to list all spells.
The spell is quite dangerous to miscast (5% risk of failure)!
Continue anyway?
Casting: Frozen Ramparts (quite dangerous; 5% risk of failure)
Press: ? - help, Dir - look around, f - activate A stone staircase leading down.
The walls around you are covered in ice.
The wall freezes the gnoll.
The gnoll hits you with a +0 whip.
The wall freezes the gnoll.
The gnoll barely misses you.
The wall freezes the dart slug.
The wall freezes the dart slug!
The wall freezes the gnoll.
The gnoll hits you with a +0 club!
The wall freezes the gnoll.
The gnoll hits you with a +0 whip.
The wall freezes the gnoll.
The gnoll hits you with a +0 whip.
* * * LOW HITPOINT WARNING * * *
The wall freezes the dart slug.
You kill the dart slug!
The wall freezes the gnoll.
The gnoll completely misses you.
The wall freezes the dart slug!
You kill the dart slug!
It was a potion of flight.
You feel very buoyant.
You fly up into the air.
The wall freezes the gnoll.
You kill the gnoll!
The wall freezes the gnoll but does no damage.
The gnoll hits you with a +0 whip.
You die...

*, , , ,
#### * *
, ....
#,, ,
,... ..
####.# *
* #..
,#@)††# ,
, ..
#(g### ,
,*
**#.#..#
, #...g#
** ##.#.#
* * ,
,...#.#
**
*#####.##
#..# ##.#


You could see 2 gnolls.

Vanquished Creatures
  Robin (D:2)
  A gnoll (D:2)
  2 dart slugs (D:2)
  A bat (D:1)
  7 goblins (D:2)
  4 hobgoblins
  2 kobolds (D:2)
  A ball python (D:2)
  A rat (D:2)
20 creatures vanquished.

Notes
Turn   | Place    | Note
-------+----------+-------------------------------------------
     0 | D:1      | hawla the Meteoran Ice Elementalist began the quest for the
                  | Orb.
     0 | D:1      | Reached XP level 1. HP: 14/14 MP: 5/5
    53 | D:2      | Noticed Robin
    63 | D:2      | Reached XP level 2. HP: 20/20 MP: 3/6
    76 | D:2      | Killed Robin
    77 | D:2      | Reached skill level 5 in Ice Magic
    77 | D:2      | Reached XP level 3. HP: 15/26 MP: 2/8
    88 | D:2      | HP: 1/26 [hobgoblin[Robin] (3)]
   177 | D:3      | Learned a level 3 spell: Frozen Ramparts
   270 | D:2      | Slain by a gnoll

Illustrated notes

Levels and vault maps discovered:
D:1:      lightli_arrival_maybe_door_vault, layout_loops_ring,
          wander_ebering_terrifying_dragon_lair
D:2:      layout_loops_ring, shapermc_ecumenical_altar_hornbeckon, uniq_robin
D:3:      layout_basic, xom_butterflies, serial_shops,
          nicolae_shop_competitors_out_of_business

Skill      XL: |  1  2 |
---------------+-------+-----
Spellcasting   | 3 |  3.2
Ice Magic      | 5 |  5.2
Dodging        | |  2.8
Stealth        | |  1.4

Action                   || total
-------------------------++-------
Melee: Unarmed           ||     6
 Cast: Freeze            ||    22
       Frozen Ramparts   ||     1
  Use: Scroll            ||     1
       Potion            ||     2
Armor: Robe              ||     5
Dodge: Dodged            ||    15
